 Dungeon Crawl Stone Soup version 0.31-a0-325-g067879e3d3 (webtiles) character file.

Game seed: 9831117684196064815

13965 javelincjr the Fighter (level 11, -1/90 HPs)
             Began as a Demonspawn Gladiator on July 18, 2023.
             Was the Champion of Qazlal.
             Slain by an enormous slime creature (59 damage)
             ... on level 12 of the Dungeon.
             The game lasted 00:49:40 (9899 turns).

javelincjr the Fighter (Demonspawn Gladiator)       Turns: 9899, Time: 00:49:41

Health: -1/90      AC: 18    Str: 24    XL:     11   Next: 82%
Magic:  27/27      EV: 14    Int:  9    God:    Qazlal [******]
Gold:   815        SH: 23    Dex: 17    Spells: 10/10 levels left

rFire   . . .        m - +7 flail of Vucw {drain, Str+5 Dex+2}
rCold   . . .        F - +5 kite shield
rNeg    . . .        G - +0 troll leather armour
rPois   .            I - +1 helmet
rElec   .            T - +1 cloak of Nuakih {Regen+}
rCorr   .            (no gloves)
SInv    .            (no boots)
Will    .....        j - amulet of regeneration
Stlth   +            i - +4 ring of protection
HPRegen 2.75/turn    H - ring of magical power
MPRegen 0.20/turn

%: repel missiles
@: protected from physical damage
A: molten scales 1, foul stench 3, spiny 1, weakness stinger 1
a: Renounce Religion, Upheaval, Elemental Force, Disaster Area


You were on level 12 of the Dungeon.
You worshipped Qazlal.
Qazlal was exalted by your worship.
You visited 1 branch of the dungeon, and saw 12 of its levels.
You also visited: Bailey.

You collected 815 gold pieces.

Inventory:

Hand Weapons
 c - a +0 spear of distortion
 m - the +7 flail of Vucw (weapon) {drain, Str+5 Dex+2}
   (You took it off a goblin in a bailey)

   Str:       It affects your strength (+5).
   Dex:       It affects your dexterity (+2).
 y - a +7 short sword
 A - a +3 short sword of draining
 B - a +4 quarterstaff of chaos
 D - a +2 trident of protection
 O - a +1 hand axe of flaming
Missiles
 b - 2 curare-tipped darts
 d - 2 throwing nets (quivered)
 z - 35 poisoned darts
 N - 4 atropa-tipped darts
 S - 14 silver boomerangs
Armour
 F - a +5 kite shield (worn)
 G - a +0 troll leather armour (worn)
 I - a +1 helmet (worn)
 L - a +0 plate armour
 R - +0 acid dragon scales
 T - the +1 cloak of Nuakih (worn) {Regen+}
   (You acquired it in a bailey)

   Regen:     It increases your rate of health regeneration.
Jewellery
 i - a +4 ring of protection (left hand)
 j - an amulet of regeneration (around neck)
 x - a ring of willpower
 H - a ring of magical power (right hand)
 V - an amulet of guardian spirit
Talismans
 o - a beast talisman
Wands
 C - a wand of mindburst (9)
 M - a wand of polymorph (15)
 P - a wand of charming (3)
Scrolls
 h - 2 scrolls of fog
 k - 2 scrolls of amnesia {unknown}
 l - 2 scrolls of blinking
 n - 8 scrolls of teleportation
 p - 6 scrolls of fear
 q - a scroll of acquirement
 r - 4 scrolls of poison
 s - a scroll of revelation {unknown}
 v - 2 scrolls of enchant weapon {unknown}
 E - a scroll of vulnerability {unknown}
 W - 2 scrolls of summoning {unknown}
 X - a scroll of noise {unknown}
Potions
 a - a potion of magic {unknown}
 e - a potion of brilliance {unknown}
 f - 2 potions of lignification {unknown}
 g - 3 potions of cancellation
 t - 8 potions of curing
 u - a potion of might {unknown}
 w - 2 potions of mutation {unknown}
 J - 4 potions of enlightenment
 K - a potion of degeneration {unknown}
 Q - a potion of invisibility {unknown}
 U - a potion of heal wounds


   Skills:
 * Level 10.0 Fighting
 + Level 7.4 Short Blades
 * Level 2.9 Maces & Flails
 - Level 1.8 Throwing
 + Level 6.8 Armour
 + Level 7.3 Dodging
 - Level 1.0 Stealth
 + Level 5.5 Shields
 + Level 9.3 Invocations
 - Level 2.0 Shapeshifting


You had 10 spell levels left.
You didn't know any spells.
Your spell library contained the following spells:

 Spells                   Type           Power      Damage    Failure   Level
 Freeze                   Ice            0%         1d3       67%         1
 Blink                    Tloc           0%         N/A       80%         2
 Lesser Beckoning         Tloc           0%         N/A       80%         2
 Momentum Strike          Conj/Tloc      0%         3d8       80%         2
 Frozen Ramparts          Ice            0%         1d1       95%         3
 Hailstorm                Conj/Ice       0%         3d3       95%         3
 Summon Guardian Golem    Hex/Summ       0%         N/A       95%         3
 Cause Fear               Hex            0%         N/A       100%        4
 Manifold Assault         Tloc           0%         N/A       100%        4
 Fireball                 Conj/Fire      0%         3d3       100%        5
 Conjure Ball Lightning   Conj/Air       0%         3x3d6     100%        6
 Orb of Destruction       Conj           0%         9d5       100%        7
 Spellforged Servitor     Conj/Summ      0%         N/A       100%        7
 Discord                  Hex            0%         N/A       100%        8
 Disjunction              Tloc           0%         N/A       100%        8
 Dragon's Call            Summ           0%         N/A       100%        9


Dungeon Overview and Level Annotations

Branches:
Dungeon (12/15)            Temple (0/1) D:4            Lair (0/5) D:10
 Bailey (visited)
    Orc: D:9-12

Altars:
Ashenzari
Dithmenos
Fedhas
Gozag
Kikubaaqudgha
Makhleb
Okawaru
Qazlal
Ru
Sif Muna
Uskayaw
Vehumet
Xom
Yredelemnul

Annotations:
D:3 2 transporters


Innate Abilities, Weirdness & Mutations

You are partially covered in molten scales. (AC +2)
You frequently emit foul miasma when damaged in melee.
You are partially covered in sharp spines.
You have a small tail.


Message History

There is a stone staircase leading down here.
You climb downwards.
You hear a shout!
There is a stone staircase leading up here.
A slime creature comes into view.
The slime creature quivers.
A slime creature comes into view.
A slime creature comes into view.
The slime creature quivers.
A slime creature merges with something you can't see.
A slime creature comes into view.
A slime creature comes into view.
Found a stone staircase leading up.
The slime creature quivers.
The slime creature is struck by your spines.
The slime creature hits you but does no damage.
Two slime creatures merge to form a very large slime creature.
You hit the very large slime creature.
The very large slime creature is lightly wounded.
Two slime creatures merge to form an enormous slime creature.
You sock the enormous slime creature!
The enormous slime creature is lightly wounded.
You block the slime creature's attack.
You completely miss the enormous slime creature.
The enormous slime creature is lightly wounded.
The enormous slime creature hits you!!!
You feel protected from physical attacks.
The slime creature misses you.
You hear a shout!
The enormous slime creature attacks as you move away!
You block the enormous slime creature's attack.
The slime creature attacks as you move away!
You block the slime creature's attack.
The enormous slime creature is engulfed in blazing flames.
The slime creature is engulfed in a thunderstorm.
The enormous slime creature attacks as you move away!
The enormous slime creature is struck by your spines.
The enormous slime creature hits you!!!
Ouch! That really hurt!
You die...

...# #..# #..#
#..# #..# #.<#
#..# #..#######
+°@○......
#.JJ......
#..§......
#..○......
................
................
................
..<.............
................


You could see an enormous slime creature and a slime creature.

Vanquished Creatures
  A centaur warrior (D:9)
  Joseph (D:8)
  2 kobold demonologists (Bailey)
  A komodo dragon (D:10)
  4 trolls
  A hornet (D:7)
  4 shadows
  Sigmund (D:4)
  Eustachio (D:4)
  A wraith (D:10)
  25 yaks
  2 steam dragons
  2 vampire mosquitoes (D:11)
  An acid dragon (D:9)
  3 water moccasins
  14 orc warriors
  5 black bears
  2 sky beasts
  An ice beast (D:7)
  5 centaurs
  2 kobold brigands
  4 phantoms
  3 gnoll sergeants
  5 bullfrogs
  4 scorpions
  3 wights (D:4)
  6 killer bees (D:8)
  3 howler monkeys
  4 electric eels (Bailey)
  3 gnoll boudas
  4 orc priests
  Crazy Yiuf (D:4)
  3 hounds
  4 sleepcaps (D:3)
  An iguana (D:5)
  10 orc wizards
  25 gnolls
  7 adders
  2 white imps
  An ufetubus (D:6)
  2 worms
  2 dart slugs
  58 orcs
  8 ball pythons
  6 bats
  5 endoplasms
  2 giant cockroaches (D:1)
  13 goblins
  11 hobgoblins
  3 quokkas
  A frilled lizard (D:2)
  18 kobolds
  8 rats
309 creatures vanquished.

Vanquished Creatures (others)
  A kobold brigand (D:9)
1 creature vanquished.

Grand Total: 310 creatures vanquished

Notes
Turn   | Place    | Note
-------+----------+-------------------------------------------
     0 | D:1      | javelincjr the Demonspawn Gladiator began the quest for the
                  | Orb.
     0 | D:1      | Reached XP level 1. HP: 16/16 MP: 1/1
   186 | D:1      | Gained mutation: You may rarely emit foul miasma when
                  | damaged in melee. [demonic ancestry]
   186 | D:1      | Reached XP level 2. HP: 21/22 MP: 2/2
   225 | D:1      | Found a faded altar of an unknown god.
   341 | D:1      | Prayed at the altar of an unknown god.
   341 | D:1      | Became a worshipper of Qazlal Stormbringer
   341 | D:1      | Reached * piety under Qazlal
   865 | D:2      | Gained mutation: You sometimes emit foul miasma when
                  | damaged in melee. [demonic ancestry]
   865 | D:2      | Reached XP level 3. HP: 28/28 MP: 3/3
   867 | D:2      | Found a basalt altar of Yredelemnul.
   952 | D:2      | Reached skill level 1 in Stealth
  1118 | D:2      | Reached ** piety under Qazlal
  1427 | D:2      | Reached skill level 1 in Armour
  1662 | D:3      | Reached skill level 1 in Invocations
  1703 | D:3      | Noticed a kobold demonologist
  1706 | D:3      | Found a transporter.
  1739 | D:3      | Reached XP level 4. HP: 34/34 MP: 4/4
  1819 | D:3      | Found a transporter.
  1945 | D:3      | Gained mutation: You are partially covered in sharp spines.
                  | [demonic ancestry]
  1945 | D:3      | Reached XP level 5. HP: 8/40 MP: 6/6
  1970 | D:3      | Reached skill level 1 in Shapeshifting
  2430 | D:4      | Reached skill level 3 in Fighting
  2453 | D:4      | Reached XP level 6. HP: 24/45 MP: 7/7
  2503 | D:4      | Noticed Sigmund
  2521 | D:4      | Killed Sigmund
  2522 | D:4      | Gained mutation: You frequently emit foul miasma when
                  | damaged in melee. [demonic ancestry]
  2522 | D:4      | Reached XP level 7. HP: 44/52 MP: 9/9
  2627 | D:4      | Noticed Eustachio
  2644 | D:4      | Killed Eustachio
  2659 | D:4      | Found a broken altar of Ashenzari.
  2729 | D:4      | Found a burning altar of Makhleb.
  2734 | D:4      | Found a shadowy altar of Dithmenos.
  2757 | D:4      | Reached *** piety under Qazlal
  2758 | D:4      | Reached skill level 4 in Fighting
  2787 | D:4      | Found a staircase to the Ecumenical Temple.
  3002 | D:4      | Found a runed translucent door.
  3003 | D:4      | Noticed Crazy Yiuf
  3010 | D:4      | Killed Crazy Yiuf
  3272 | D:5      | Entered Level 5 of the Dungeon
  3662 | D:5      | Reached XP level 8. HP: 41/61 MP: 11/11
  3702 | D:5      | Found a sacrificial altar of Ru.
  4009 | D:5      | Found a blossoming altar of Fedhas.
  4448 | D:6      | Reached skill level 5 in Fighting
  4520 | D:6      | Reached skill level 1 in Shields
  4760 | D:6      | Reached **** piety under Qazlal
  4776 | D:6      | Reached skill level 5 in Invocations
  4776 | D:6      | Found a shimmering altar of Xom.
  4805 | D:6      | Reached skill level 5 in Short Blades
  4805 | D:6      | Reached skill level 5 in Dodging
  5168 | D:7      | Reached skill level 6 in Fighting
  5196 | D:7      | Gained mutation: You are partially covered in molten
                  | scales. (AC +2) [demonic ancestry]
  5196 | D:7      | Reached XP level 9. HP: 69/69 MP: 13/13
  5211 | D:7      | Found a radiant altar of Vehumet.
  5367 | D:7      | Found a shimmering altar of Xom.
  5386 | D:7      | Found an iron altar of Okawaru.
  5500 | D:7      | Found an ancient bone altar of Kikubaaqudgha.
  5527 | D:7      | Reached ***** piety under Qazlal
  5538 | D:7      | Reached skill level 7 in Fighting
  5572 | D:7      | Found a stormy altar of Qazlal.
  5599 | D:7      | Reached skill level 5 in Armour
  6044 | D:8      | Gained mutation: You have a small tail. [demonic ancestry]
  6044 | D:8      | Reached XP level 10. HP: 79/79 MP: 15/15
  6099 | D:8      | Noticed Joseph
  6124 | D:8      | Killed Joseph
  6158 | D:8      | Reached skill level 8 in Fighting
  6495 | D:8      | Found a hide-covered altar of Uskayaw.
  7005 | D:9      | Reached ****** piety under Qazlal
  7024 | D:9      | Noticed a centaur warrior
  7034 | D:9      | Killed a centaur warrior
  7041 | D:9      | Reached skill level 9 in Fighting
  7230 | D:9      | Reached XP level 11. HP: 59/89 MP: 17/17
  7266 | D:9      | Found a flagged portal.
  7285 | Bailey   | Entered a bailey
  7398 | Bailey   | Noticed a sun demon
  7615 | Bailey   | Identified the +7 flail of Vucw {drain, Str+5 Dex+2}
  7711 | Bailey   | Found an iron altar of Okawaru.
  7712 | Bailey   | Reached skill level 5 in Shields
  7770 | Bailey   | Acquired the +1 cloak of Nuakih {Regen+}
  8243 | D:10     | Entered Level 10 of the Dungeon
  8259 | D:10     | Reached skill level 1 in Maces & Flails
  8279 | D:10     | Found a staircase to the Lair.
  8558 | D:10     | Found an opulent altar of Gozag.
  8842 | D:10     | Found a shimmering blue altar of Sif Muna.
  9190 | D:11     | Reached skill level 10 in Fighting
  9899 | D:12     | Slain by an enormous slime creature

Illustrated notes

Levels and vault maps discovered:
D:1:      eino_arrival_druids_welcome, layout_rooms,
          shapermc_ecumenical_altar_notcrosses
D:2:      layout_loops_ring, basic_altar, serial_aquarium,
          aquarium_bridge_square [aquarium_subvault_bridge,
          aquarium_subvault_bridge, aquarium_subvault_wall,
          aquarium_subvault_bridge], aquarium_bridge_island_small
          [aquarium_subvault_small_open, aquarium_subvault_wall,
          aquarium_subvault_bridge, aquarium_subvault_balcony,
          aquarium_subvault_wall], aquarium_window_1, aquarium_window_corner,
          aquarium_view_2c, aquarium_view_2a, aquarium_balcony_3b,
          kennysheep_generic_room_13
D:3:      gammafunk_wand_slinger, layout_loops_cross, hellmonk_no_cap
D:4:      layout_cave_pools, nicolae_overflow_hidden_temple,
          grunt_temple_overflow_open, minmay_temple_entry_glassed_door,
          serial_co_window_serial, co_window_of_opportunity_a,
          co_window_corner_a, co_window_paths_a, co_window_paths_a,
          co_window_of_opportunity_a, co_window_paths_a, co_window_paths_b,
          co_window_corner_cb, co_window_2corner, co_window_broadway_c,
          co_window_of_opportunity_c, co_window_of_opportunity_b,
          co_window_2corner, glass_columns_a, glass_columns_a, glass_columns_a,
          glass_columns_b, uniq_eustachio, uniq_sigmund, uniq_crazy_yiuf_cottage
D:5:      layout_loops_corners, mainiacjoe_overflow_brackets,
          nicolae_ru_path_of_blood, chequers_serial_rivers_micro_c
D:6:      layout_basic, minmay_ruined_shrine
D:7:      layout_basic, mainiacjoe_overflow_small_starburst,
          mainiacjoe_overflow_alcove_4, general_overflow_altar,
          lemuel_round_altar, mainiacjoe_overflow_paths
D:8:      layout_loops_ring, mainiacjoe_overflow_surrounded_room, special_room
          [special_room_orc], wad_floor_pattern_2, dreamdust_gnoll_shepherd,
          uniq_joseph
D:9:      layout_cave_pools, enter_bailey_2, minmay_unpleasant_kobolds
D:10:     layout_cave_pods, mainiacjoe_overflow_catch_the_wave,
          due_lair_maze_entry_diamond
D:11:     layout_irregular_city, serial_co_window_serial, co_window_paths_a,
          co_window_of_opportunity_a, co_window_paths_b, co_window_paths_a,
          co_window_paths_b, co_window_of_opportunity_a, co_window_paths_b,
          co_window_corner_b, co_window_of_opportunity_c, co_window_corner_b,
          co_window_paths_d, glass_columns_a
D:12:     layout_irregular_city, minmay_orc_entry_temple_small,
          minmay_crystal_box, uniq_sonja, uniq_erolcha

Skill      XL: |  1  2  3  4  5  6  7  8  9 10 11 |
---------------+----------------------------------+-----
Dodging        | 3 4 5 6 7 |  7.3
Short Blades   | 3 4 5 6 7 |  7.4
Stealth        | 1 |  1.0
Armour         | 1 2 3 4 5 6 |  6.8
Invocations    | 1 2 3 4 5 6 8 9 |  9.3
Shapeshifting  | 1 2 |  2.0
Fighting       | 3 4 6 7 9 10 | 10.0
Shields        | 2 3 4 5 |  5.5
Maces & Flails | 2 |  2.9
Throwing       | |  1.8

Action                     |  1- 3 |  4- 6 |  7- 9 | 10-12 || total
---------------------------+-------+-------+-------+-------++-------
  Melee: Rapier            |   138 |    59 |       |       ||   197
         Punch             |     1 |       |     3 |       ||     4
         Short sword       |       |    14 |   369 |   452 ||   835
         Tailslap          |       |       |       |   101 ||   101
         Flail             |       |       |       |   100 ||   100
  Throw: Throwing net      |     1 |     2 |       |       ||     3
 Invoke: Upheaval          |       |       |       |     1 ||     1
    Use: Scroll            |       |       |     7 |    10 ||    17
         Potion            |       |       |       |     3 ||     3
   Stab: Held in net/web   |       |     1 |       |       ||     1
 Armour: Leather armour    |    63 |    14 |       |       ||    77
         Scale mail        |       |     7 |    74 |    66 ||   147
         Ring mail         |       |       |    35 |       ||    35
         Acid dragon scale |       |       |       |    52 ||    52
         Troll leather arm |       |       |       |     6 ||     6
  Dodge: Dodged            |    79 |    41 |    97 |   162 ||   379
         Repelled          |       |       |     3 |       ||     3
  Block: Other             |    10 |     8 |    29 |       ||    47
         Kite shield       |       |       |    94 |   540 ||   634
   Form: Beast             |     1 |       |       |       ||     1
                           |       |     1 |       |       ||     1

Table legend: (Time is in decaauts)
 A = Elapsed time spent in this place.
 B = Non-inter-level travel time spent in this place.
 C = Inter-level travel time spent in this place.
 D = Time resting spent in this place.
 E = Time spent auto-exploring this place.
 F = Levels seen in this place.
 G = Mean time per level.
                   A        B        C        D        E       F      G
               +--------+--------+--------+--------+--------+-----+--------+
         Total |   9807 |   9371 |    436 |    192 |   6773 |  13 |  754.4 |
       Dungeon |   9093 |   8657 |    436 |    159 |   6503 |  12 |  757.8 |
        Bailey |    713 |    713 |      0 |     33 |    269 |   1 |  713.0 |
               +--------+--------+--------+--------+--------+-----+--------+

Top non-repeatable levels by time:
     D:5: 1031 daAuts
     D:8: 927 daAuts
     D:4: 920 daAuts
     D:2: 855 daAuts
     D:7: 850 daAuts
    D:11: 843 daAuts
    D:10: 838 daAuts
     D:6: 809 daAuts
     D:1: 796 daAuts
  Bailey: 713 daAuts
     D:3: 700 daAuts
     D:9: 506 daAuts
    D:12: 13 daAuts
